 Dungeon Crawl Stone Soup version 0.20.0-10-g0535bb4 (webtiles) character file.

39 Inarius the Gusty (level 3, -6/26 HPs)
             Began as a Draconian Air Elementalist on June 2, 2017.
             Mangled by Sigmund
             ... wielding a +1 scythe of freezing
              (17 damage)
             ... on level 2 of the Dungeon on June 3, 2017.
             The game lasted 00:06:24 (1745 turns).

Inarius the Gusty (Draconian Air Elementalist)      Turns: 1745, Time: 00:06:24

Health: -6/26      AC:  5    Str: 10    XL:     3   Next: 28%
Magic:  1/6        EV: 12    Int: 16    God:
Gold:   67         SH:  0    Dex: 11    Spells: 1/7 levels left

rFire    . . .     SeeInvis .   c - +0 dagger
rCold    + . .     Gourm    .   (no shield)
rNeg     . . .     Faith    .   (armour unavailable)
rPois    .         Spirit   .   (helmet restricted)
rElec    .         Reflect  .   (no cloak)
rCorr    .         Harm     .   (no gloves)
MR       .....                  (no boots)
Stlth    ++........             (no amulet)
Regen    0.1/turn               h - ring of protection from cold
MPRegen  0.1/turn               (no ring)

@: no status effects
A: unfitting armour, cold-blooded, AC +5
a: no special abilities


You were on level 2 of the Dungeon.
You were not hungry.

You visited 1 branch of the dungeon, and saw 2 of its levels.

You collected 67 gold pieces.

Inventory:

Hand Weapons
 c - a +0 dagger (weapon)
Jewellery
 h - a ring of protection from cold (left hand)
Scrolls
 e - a scroll of identify {unknown}
 f - a scroll of fear {unknown}
Potions
 g - 2 potions of mutation {unknown}
Books
 a - a book of Air

   Spells                             Type                      Level
   a - Shock                          Conjuration/Air              1
   b - Swiftness                      Charms/Air                   2
   c - Static Discharge               Conjuration/Air              3
   d - Airstrike                      Air                          4
   e - Lightning Bolt                 Conjuration/Air              5
Comestibles
 b - a bread ration
 d - 3 chunks of flesh


   Skills:
 * Level 1.9 Dodging
 - Level 1.7 Stealth
 + Level 2.6 Spellcasting
 * Level 1.9 Conjurations
 + Level 3.4 Air Magic


You had one spell level left.
You knew the following spells:

 Your Spells              Type           Power        Failure   Level  Hunger
a - Shock                 Conj/Air       ##..         7%          1    #......
b - Swiftness             Chrm/Air       #.......     14%         2    ##.....
c - Static Discharge      Conj/Air       ##......     21%         3    ###....


Dungeon Overview and Level Annotations

Branches:
Dungeon (2/15)

Altars:

Annotations:
D:2 Sigmund


Innate Abilities, Weirdness & Mutations

Your plain brown scales are hard. (AC +5)
You cannot fit into any form of body armour.
You are cold-blooded and may be slowed by cold attacks.


Message History

You feel less confused.
You hear some strange, mumbled words.
You are confused.
You're too confused to cast spells.
Unknown command.
Something completely misses you.
You're too confused to move!
You closely miss something. Something hits you!
Ouch! That really hurt!
Something freezes you.
You bump into the rock wall.
Something hits you but does no damage.
You barely miss something.
You feel less confused.
You completely miss something. Something hits you but does no damage.
Casting: Shock
Confirm with . or Enter, or press ? or * to list all spells.
You can't see any susceptible monsters within range! (Use Z to cast anyway.)
Something hits you!
Ouch! That really hurt!
You die...

........#..#....#
................#
..........##(...#
.........## ....#
........## ....#
........#########
######.......#
##......#
#@.....#
#######......#
.....>{......#
.######......#
.............#
.##..........#
#...†......#
#........####
..........#


There were no monsters in sight!

Vanquished Creatures
  An ooze (D:2)
  A leopard gecko (D:2)
  3 giant cockroaches (D:1)
  4 goblins
  10 hobgoblins
  3 kobolds
  3 bats
  A frilled lizard (D:2)
  4 rats (D:1)
30 creatures vanquished.

Notes
Turn   | Place    | Note
-------+----------+-------------------------------------------
     0 | D:1      | Inarius the Draconian Air Elementalist began the quest for the Orb.
     0 | D:1      | Reached XP level 1. HP: 14/14 MP: 3/3
     0 | D:1      | Upgraded the game from 0.20.0-8-g6b59dc7 to 0.20.0-10-g0535bb4
   371 | D:1      | Reached XP level 2. HP: 20/20 MP: 0/5
   375 | D:1      | Learned a level 2 spell: Swiftness
  1236 | D:2      | Reached XP level 3. HP: 26/26 MP: 0/6
  1674 | D:2      | Learned a level 3 spell: Static Discharge
  1724 | D:2      | Noticed Sigmund
  1745 | D:2      | Mangled by Sigmund

Action                   || total
-------------------------++-------
Melee: Unarmed           ||    18
       Tailslap          ||     5
       Dagger            ||    23
 Cast: Shock             ||    69
  Use: Scroll            ||     2
  Eat: Chunk             ||     3
Armor: Skin              ||    14
Dodge: Dodged            ||    27
